 Dungeon Crawl Stone Soup version 0.27.1-1-g398f81649c (webtiles) character file.

Game seed: 17363892865215864781

3106 Yaksher the Zephyrmancer (level 9, -1/49 HPs)
             Began as a Tengu Air Elementalist on Sept 12, 2021.
             Slain by Duvessa (15 damage)
             ... on level 6 of the Dungeon on Sept 13, 2021.
             The game lasted 01:40:18 (10829 turns).

Yaksher the Zephyrmancer (Tengu Air Elementalist)  Turns: 10829, Time: 01:40:20

Health: -1/49      AC:  6    Str:  9    XL:     9   Next: 90%
Magic:  7/16       EV: 19    Int: 25    God:
Gold:   265        SH:  0    Dex: 20    Spells: 1/16 levels left

rFire    . . .     SeeInvis .   J - +2 whip (freeze)
rCold    . . .     Faith    .   (no shield)
rNeg     . . .     Spirit   .   v - +0 steam dragon scales
rPois    .         Reflect  .   (helmet restricted)
rElec    .         Harm     .   h - +0 cloak
rCorr    .         Rampage  .   (no gloves)
Will     .....                  (boots unavailable)
Stlth    +++.......             (no amulet)
HPRegen  0.16/turn              e - +6 ring of dexterity
MPRegen  0.15/turn              j - +6 ring of intelligence

@: lethally poisoned (-1 -> -7), swift, flying quickly and evasively, very quick
A: beak, talons 3, nimble flight
a: no special abilities


You were on level 6 of the Dungeon.
You visited 1 branch of the dungeon, and saw 7 of its levels.
You also visited: Sewer.

You collected 265 gold pieces.

Inventory:

Hand Weapons
 b - a +2 flail of draining
 f - a +2 short sword of electrocution
 I - a +4 trident
 J - a +2 whip of freezing (weapon)
Missiles
 l - a throwing net
Armour
 h - a +0 cloak (worn)
 v - +0 steam dragon scales (worn)
Jewellery
 e - a +6 ring of dexterity (left hand)
 j - a +6 ring of intelligence (right hand)
 s - a ring of willpower
Wands
 i - a wand of flame (25)
Scrolls
 a - a scroll of fear {unknown}
 g - a scroll of noise {unknown}
 k - a scroll of summoning {unknown}
 m - a scroll of immolation
 p - a scroll of magic mapping
 q - 2 scrolls of enchant armour {unknown}
 r - a scroll of vulnerability {unknown}
 t - a scroll of fog {unknown}
 u - a scroll of identify
 x - 2 scrolls of teleportation
 E - a scroll of silence {unknown}
Potions
 c - a potion of might
 o - 2 potions of flight
 z - a potion of magic
 C - a potion of brilliance
 D - 2 potions of attraction


   Skills:
 - Level 2.5 Fighting
 - Level 2.9 Armour
 + Level 6.1 Dodging
 - Level 3.6 Stealth
 - Level 4.0 Spellcasting
 + Level 8.3 Conjurations
 * Level 5.0 Ice Magic
 + Level 9.3 Air Magic


You had one spell level left.
You knew the following spells:

 Your Spells              Type           Power      Damage    Failure   Level
a - Shock                 Conj/Air       100%       1d9       1%          1
b - Static Discharge      Conj/Air       49%        N/A       1%          2
c - Swiftness             Air            51%        N/A       1%          3
d - Airstrike             Air            25%        N/A       1%          4
e - Freezing Cloud        Conj/Ice/Air   21%        6-21      11%         5

Your spell library contained the following spells:

 Spells                   Type           Power      Damage    Failure   Level
 Corpse Rot               Necr/Air       N/A        N/A       1%          2
 Poisonous Vapours        Pois/Air       56%        N/A       1%          2


Dungeon Overview and Level Annotations

Branches:
Dungeon (7/15)              Sewer (visited)
 Temple: D:4-7

Altars:
Trog
Zin

Annotations:
D:6 Duvessa


Innate Abilities, Weirdness & Mutations

You have a beak for a mouth.
You have claws for feet.
Your magical nature lets you fly swiftly and evasively.


Message History

Duvessa hits you with a +0 short sword of venom!
Casting: Swiftness (safe; 1% risk of failure)
Confirm with . or Enter, or press ? or * to list all spells.
Duvessa is struck by an arc of lightning!
Duvessa is moderately wounded.
You are struck by an arc of lightning.
Duvessa is struck by an arc of lightning.
Duvessa is heavily wounded.
The lightning grounds out.
Duvessa barely misses you.
Okay, then.
You feel much better. Duvessa misses you.
Duvessa hits you with a +0 short sword of venom!
You are poisoned.
You feel better.
Duvessa hits you with a +0 short sword of venom.
Casting: Static Discharge (safe; 1% risk of failure)
Confirm with . or Enter, or press ? or * to list all spells.
Duvessa is struck by an arc of lightning!
Duvessa is severely wounded.
You are struck by an arc of lightning.
The lightning grounds out.
Duvessa hits you but does no damage.
You are poisoned.
Duvessa hits you with a +0 short sword of venom!
You are more poisoned.
You feel better.
Duvessa hits you with a +0 short sword of venom!
You are poisoned.
Casting: Static Discharge (safe; 1% risk of failure)
Confirm with . or Enter, or press ? or * to list all spells.
Aiming: Shock (safe; 1% risk of failure)
Press: ? - help, Shift-Dir - straight line
Okay, then.
Casting: Shock (safe; 1% risk of failure)
Confirm with . or Enter, or press ? or * to list all spells.
Duvessa is struck by an arc of lightning!
Duvessa is almost dead.
You are struck by an arc of lightning.
The lightning grounds out.
You feel sick.
Duvessa hits you with a +0 short sword of venom!
You die...

#................#....##..#### ##
##÷.............##....##...#####.
..)....####.....†#........##.#.#.
#.......###.....)............)...
##.....###.....###...............
##......#...#######.....#.....###
....##......###...#....##..#.## #
##.##........#.e......####.#..#
##.#............@#....# ##..##
#...........##...##..## ####
...[........###...####
#............#.....#
######.............#
#...#...##....# ##.###.########
### ###


You could see Duvessa (berserk).

Vanquished Creatures
  Pikel (D:6)
  A steam dragon (D:7)
  2 water moccasins (D:6)
  An ice beast (D:7)
  A sky beast (D:6)
  3 ogres
  A lemure (D:6)
  3 phantoms
  2 bullfrogs
  2 kobold brigands
  A water moccasin zombie (D:5)
  Dowan (D:5)
  2 water moccasin skeletons
  3 killer bees (D:7)
  12 wights
  A bullfrog zombie (D:5)
  2 bullfrog skeletons
  An orc priest (D:7)
  3 hounds
  Crazy Yiuf (D:3)
  5 iguanas
  A hound zombie (D:5)
  2 gnolls (D:2)
  6 adders
  A river rat (Sewer)
  A shadow imp (D:7)
  An ufetubus (D:6)
  2 adder skeletons
  2 worms
  A dart slug (D:1)
  16 orcs
  5 endoplasms
  4 giant cockroaches
  5 goblins
  3 hobgoblins
  2 jackals (Sewer)
  7 kobolds
  3 quokkas
  7 ball pythons
  7 bats
  3 frilled lizards (D:3)
  5 rats
133 creatures vanquished.

Vanquished Creatures (others)
  A plant (D:3)
1 creature vanquished.

Grand Total: 134 creatures vanquished

Notes
Turn   | Place    | Note
-------+----------+-------------------------------------------
     0 | D:1      | Yaksher the Tengu Air Elementalist began the quest for the
                  | Orb.
     0 | D:1      | Reached XP level 1. HP: 10/10 MP: 4/4
   393 | D:1      | Reached XP level 2. HP: 15/15 MP: 4/6
   530 | D:1      | Found a faded altar of an unknown god.
   977 | D:2      | Reached XP level 3. HP: 19/19 MP: 5/7
  1053 | D:1      | Learned a level 2 spell: Static Discharge
  1057 | D:1      | Learned a level 3 spell: Swiftness
  1264 | D:2      | Reached skill level 5 in Air Magic
  1928 | D:2      | Reached XP level 4. HP: 24/24 MP: 6/8
  3214 | D:3      | Found a glowing drain.
  3221 | Sewer    | Entered a sewer
  3295 | Sewer    | Noticed a kobold brigand
  3318 | Sewer    | Killed a kobold brigand
  3319 | Sewer    | Gained mutation: Your magical nature lets you fly swiftly
                  | and evasively. [Tengu growth]
  3319 | Sewer    | Reached XP level 5. HP: 21/28 MP: 0/10
  3478 | Sewer    | Found a white marble altar of Elyvilon.
  3837 | D:3      | Found a glowing silver altar of Zin.
  4347 | D:3      | Found a runed translucent door.
  4348 | D:3      | Noticed Crazy Yiuf
  4470 | D:3      | Killed Crazy Yiuf
  4471 | D:3      | Reached skill level 6 in Air Magic
  4471 | D:3      | Reached XP level 6. HP: 21/32 MP: 3/11
  4996 | D:4      | Found a bloodstained altar of Trog.
  5183 | D:4      | You are sucked into a shaft and drop 2 floors!
  5187 | D:5      | Entered Level 5 of the Dungeon
  5208 | D:4      | Learned a level 4 spell: Airstrike
  6258 | D:5      | Reached skill level 1 in Armour
  6258 | D:5      | Reached XP level 7. HP: 29/37 MP: 8/12
  6282 | D:4      | Reached skill level 5 in Conjurations
  6356 | D:4      | Reached skill level 1 in Fighting
  6579 | D:5      | Noticed a yak
  6583 | D:5      | Noticed a yak
  6688 | D:5      | Reached skill level 1 in Ice Magic
  6841 | D:5      | Reached skill level 7 in Air Magic
  6988 | D:5      | Noticed Duvessa
  7134 | D:5      | Noticed a yak
  7134 | D:5      | Noticed a yak
  7168 | D:5      | Noticed Dowan
  7482 | D:6      | Reached XP level 8. HP: 41/43 MP: 4/14
  7773 | D:6      | Noticed Pikel
  7787 | D:6      | Killed Pikel
  7788 | D:6      | Reached skill level 8 in Air Magic
  7969 | D:6      | Reached XP level 9. HP: 41/49 MP: 8/16
  8049 | D:6      | Learned a level 5 spell: Freezing Cloud
  8183 | D:6      | Reached skill level 5 in Dodging
  9643 | D:7      | Reached skill level 9 in Air Magic
 10784 | D:5      | Killed Dowan
 10785 | D:5      | Reached skill level 5 in Ice Magic
 10829 | D:6      | Slain by Duvessa

Illustrated notes

Levels and vault maps discovered:
D:1:      sevenhm_arrival_forest_fort_small_3, layout_loops_ring,
          shapermc_ecumenical_altar_starsandcircs, st_stairs_3
D:2:      layout_basic, chequers_serial_rivers_small_b
D:3:      layout_loops_ring, nicolae_overflow_crystal_walls,
          gup_sewer_entry_pipe, serial_bayou_pond_a, corexii_shack,
          uniq_crazy_yiuf_cottage
D:4:      layout_basic, mainiacjoe_overflow_chevrons
D:5:      layout_cave_pools, lemuel_temple_firewalk_b, uniq_duvessa
D:6:      layout_cave_pools, nicolae_sextant, uniq_pikel
D:7:      layout_rooms

Skill      XL: |  1  2  3  4  5  6  7  8  9 |
---------------+----------------------------+-----
Conjurations   | 2 3 4 5 7 8 |  8.3
Air Magic      | 5 6 7 8 9 |  9.3
Dodging        | 3 4 6 |  6.1
Spellcasting   | 3 4 |  4.0
Armour         | 1 2 |  2.9
Fighting       | 1 2 |  2.5
Ice Magic      | 1 2 5 |  5.0
Stealth        | 3 |  3.6

Action                   |  1- 3 |  4- 6 |  7- 9 || total
-------------------------+-------+-------+-------++-------
Melee: Unarmed           |     1 |       |       ||     1
       Dagger            |     5 |       |     5 ||    10
       Kick              |     2 |       |       ||     2
       Peck              |     1 |       |     1 ||     2
       Whip              |       |       |     1 ||     1
 Cast: Shock             |    54 |    84 |   112 ||   250
       Static Discharge  |     2 |     4 |    61 ||    67
       Swiftness         |     1 |       |     1 ||     2
       Airstrike         |       |     2 |    16 ||    18
  Use: Potion            |     2 |     1 |     8 ||    11
       Scroll            |       |     2 |     5 ||     7
Armor: Robe              |     5 |     3 |       ||     8
       Leather armour    |       |       |     7 ||     7
       Steam dragon scal |       |       |     1 ||     1
Dodge: Dodged            |    29 |    20 |    55 ||   104
       Rpst.: Falchion   |       |     1 |       ||     1
